 Dungeon Crawl Stone Soup version 0.25-a0-617-g20d90eb (webtiles) character file.

Game seed: 3674875169562682942, levelgen mode: deterministic

34 Faels the Vexing (level 3, 0/28 HPs)
             Began as a Gnoll Arcane Marksman on Mar 17, 2020.
             Slain by a kobold
             ... wielding a +2 vampiric whip
              (5 damage)
             ... on level 2 of the Dungeon.
             The game lasted 00:03:37 (1099 turns).

Faels the Vexing (Gnoll Arcane Marksman)            Turns: 1099, Time: 00:03:38

Health: 0/28       AC:  5    Str: 12    XL:     3   Next: 31%
Magic:  7/7        EV: 13    Int: 16    God:
Gold:   66         SH:  0    Dex: 15    Spells: 4/7 levels left

rFire    . . .     SeeInvis .   o - -1 short sword (curse)
rCold    . . .     Gourm    .   (no shield)
rNeg     . . .     Faith    .   j - +0 ring mail
rPois    .         Spirit   .   (no helmet)
rElec    .         Reflect  .   (no cloak)
rCorr    .         Harm     .   (no gloves)
MR       .....                  (no boots)
Stlth    +.........             (no amulet)
HPRegen  0.09/turn              (no ring)
MPRegen  0.10/turn              (no ring)

@: no status effects
A: distributed training, fangs 1, strong nose
a: no special abilities


You were on level 2 of the Dungeon.
You were not hungry.

You visited 1 branch of the dungeon, and saw 2 of its levels.

You collected 66 gold pieces.

Inventory:

Hand Weapons
 a - a +0 shortbow
 o - a cursed -1 short sword (weapon)
Missiles
 d - 14 arrows
 l - 3 javelins (quivered)
Armour
 e - a +0 robe
 j - a +0 ring mail (worn)
Jewellery
 k - an uncursed ring of ice {unknown}
Scrolls
 b - a scroll of teleportation
Potions
 c - a potion of haste {unknown}
 g - 2 potions of curing {unknown}
 i - a potion of brilliance {unknown}
 n - a potion of might {unknown}
Comestibles
 f - 2 rations
 h - 2 chunks of flesh


   Skills:
 + Level 2.6 Fighting
 + Level 0.7 Short Blades
 + Level 0.7 Long Blades
 + Level 0.7 Axes
 + Level 0.7 Maces & Flails
 + Level 0.7 Polearms
 + Level 0.7 Staves
 + Level 0.7 Slings
 + Level 4.5 Bows
 + Level 0.7 Crossbows
 + Level 0.7 Throwing
 + Level 0.7 Armour
 + Level 4.5 Dodging
 + Level 0.7 Stealth
 + Level 0.7 Shields
 + Level 0.7 Unarmed Combat
 + Level 2.8 Spellcasting
 + Level 0.5 Conjurations
 + Level 5.4 Hexes
 + Level 0.5 Charms
 + Level 0.5 Summonings
 + Level 0.5 Necromancy
 + Level 0.5 Translocations
 + Level 0.5 Transmutations
 + Level 0.5 Fire Magic
 + Level 0.5 Ice Magic
 + Level 0.5 Air Magic
 + Level 0.5 Earth Magic
 + Level 0.5 Poison Magic
 + Level 0.9 Invocations
 + Level 0.7 Evocations


You had 4 spell levels left.
You knew the following spells:

 Your Spells              Type           Power        Failure   Level  Hunger
a - Corona                Hex            ###....      4%          1    #......
b - Slow                  Hex            ###.....     7%          2    ##.....

Your spell library contained the following spells:

 Spells                   Type           Power        Failure   Level  Hunger
 Inner Flame              Hex/Fire       ##......     36%         3    ###....
 Portal Projectile        Hex/Tloc       ##....       36%         3    ###....
 Cause Fear               Hex            ###.......   43%         4    #####..
 Leda's Liquefaction      Hex/Erth       ##........   77%         4    #####..


Dungeon Overview and Level Annotations

Branches:
Dungeon (2/15)

Altars:


Innate Abilities, Weirdness & Mutations

Your experience applies equally to all skills.
You have very sharp teeth.
Your uncanny sense of smell can sniff out nearby items.


Message History

Found a scroll labeled XABROL VENN.
You see here a frilled lizard corpse.
A kobold comes into view. It is wielding a +2 vampiric whip.
The kobold shouts!
The kobold throws a stone.
The stone completely misses you.
Found a stone staircase leading down.
You see here a stone.
The kobold throws a stone.
The stone misses you.
Found 2 yellow potions.
You see here a javelin.
l - a javelin You see here 2 javelins.
l - 3 javelins (gained 2)
A frilled lizard comes into view.
The frilled lizard hisses angrily.
The frilled lizard moves out of view.
You see here 15 gold pieces.
You now have 66 gold pieces (gained 15).
The kobold hits you with a +2 vampiric whip.
You die...

.##...# #?...#.#
.......##......####
#.....#....#.....##
......#...#....## ..
###......(......##...
##.#....w##......!.
.....#.........####
.##...#..K...##..# ..
... #>.!#.@##....#.# ..
.. #......##..#...#
#.#..
#....####..##..########
#....## #...#
#.............# #....#
#... ##.##.#.......#
#..#.# #..
#รท##.#...[...# #...#
##. #.##.#.......#
#..<# ..##.##.........#
##..## ..#.####.......#


You could see a worm and a kobold.

Vanquished Creatures
  A worm (D:2)
  A dart slug (D:2)
  A leopard gecko (D:2)
  3 goblins (D:1)
  3 hobgoblins (D:1)
  6 jackals (D:1)
  A bat (D:1)
  6 frilled lizards
  2 kobolds (D:2)
  2 rats (D:1)
26 creatures vanquished.

Notes
Turn   | Place    | Note
-------+----------+-------------------------------------------
     0 | D:1      | Faels the Gnoll Arcane Marksman began the quest for the
                  | Orb.
     0 | D:1      | Reached XP level 1. HP: 17/17 MP: 4/4
    81 | D:1      | Reached XP level 2. HP: 23/23 MP: 5/5
   309 | D:1      | Learned a level 2 spell: Slow
   850 | D:2      | Reached XP level 3. HP: 16/28 MP: 7/7
  1099 | D:2      | Slain by a kobold

Levels and vault maps discovered:
D:1:      psy_arrival_terrarium, layout_basic, due_unseen_surprise
D:2:      layout_rooms, lemuel_zombie_altar_yredelemnul,
          nicolae_gozag_seed_capital

Action                   || total
-------------------------++-------
Melee: Short sword       ||    62
       Bite              ||     5
 Fire: Shortbow          ||    41
Throw: Javelin           ||     6
 Cast: Slow              ||     3
  Use: Scroll            ||     1
  Eat: Chunk             ||     1
Armor: Ring mail         ||    17
       Robe              ||     3
Dodge: Dodged            ||    57

Table legend:
 A = Non-vault XP
 B = Vault XP
 C = Vault XP percentage of total XP
 D = Non-vault monster count
 E = Vault monster count
 F = Vault count percentage of total count
                 A         B        C        D         E       F
            +---------+---------+-------+---------+---------+-------
      Total |      49 |       0 |   0.0 |      26 |       0 |   0.0
            +---------+---------+-------+---------+---------+-------
        D:1 |      32 |       0 |   0.0 |      20 |       0 |   0.0
        D:2 |      17 |       0 |   0.0 |       6 |       0 |   0.0
            +---------+---------+-------+---------+---------+-------
